[Event "Winter Chess Classic-A 2019"]
[Site "Saint Louis"]
[Date "2019.11.13"]
[Round "4.2"]
[White "Akobian, Varuzhan"]
[Black "Jumabayev, Rinat"]
[Result "0-1"]
[ECO "B07"]
[WhiteElo "2627"]
[BlackElo "2641"]
[Annotator "ChessBase"]
[PlyCount "142"]
[EventDate "2019.11.10"]
[EventType "tourn"]
[EventCountry "USA"]
[SourceTitle "playchess.com"]
[Source "ChessBase"]
[SourceQuality "1"]
[TimeControl "40/5400+30:1800+30"]

1. d4 d6 2. e4 Nf6 3. Nc3 g6 4. f3 c6 5. Be3 b5 6. e5 b4 7. exf6 bxc3 8. bxc3 exf6 9. Bd3 Bg7 10. Ne2 O-O 11. Qd2 Ba6 12. h4 Re8 13. h5 Qa5 14. Bf4 d5 15. Kf2 Nd7 16. Bd6 c5 17. Bxa6 Qxa6 18. dxc5 Rac8 19. Qd3 Qa4 20. hxg6 hxg6 21. Qxd5 Qxc2 22. Rhe1 Bh6 23. f4 f5 24. Qd1 Qxd1 25. Rexd1 Nxc5 26. Bxc5 Rxc5 27. g3 Ra5 28. Rd2 Bf8 29. Rb1 Bc5+ 30. Nd4 Bb6 31. Kf3 Kg7 32. Rb3 Re1 33. Rbb2 Rc5 34. Rbc2 Rc4 35. Rd3 Kf6 36. Kg2 Ra1 37. Kf3 Ra4 38. Rdd2 Bxd4 39. cxd4 Ra3+ 40. Kf2 Rh1 41. Kg2 Re1 42. Re2 Rd1 43. Rc6+ Kg7 44. Rc7 Rdd3 45. Ree7 Rxg3+ 46. Kh2 Kh6 47. Rxf7 Kh5 48. Rf6 Rgf3 49. Rh7+ Kg4 50. Rxg6+ Kxf4 51. Rg2 Ke4 52. Rd7 Rh3+ 53. Kg1 f4 54. d5 f3 55. Rg4+ Kf5 56. Rdg7 Rxa2 57. R7g5+ Kf6 58. Rg6+ Ke5 59. R6g5+ Kd6 60. Rf5 a5 61. Rg6+ Kc5 62. d6+ Kc6 63. Rf7 Rg2+ 64. Rxg2 fxg2 65. Kxg2 Rd3 66. Kf2 Rxd6 67. Rf5 Kb6 68. Ke2 a4 69. Rf3 Kb5 70. Rd3 Ra6 71. Rd8 a3 0-1

[Event "Winter Chess Classic-A 2019"]
[Site "Saint Louis"]
[Date "2019.11.16"]
[Round "7.1"]
[White "Naroditsky, Daniel"]
[Black "Sethuraman, S.P."]
[Result "1/2-1/2"]
[ECO "A06"]
[WhiteElo "2613"]
[BlackElo "2634"]
[Annotator "ChessBase"]
[PlyCount "24"]
[EventDate "2019.11.10"]
[EventType "tourn"]
[EventCountry "USA"]
[SourceTitle "playchess.com"]
[Source "ChessBase"]
[SourceQuality "1"]
[TimeControl "40/5400+30:1800+30"]

1. Nf3 d5 2. g3 Nf6 3. Bg2 c5 4. O-O g6 5. c4 Bg7 6. cxd5 Nxd5 7. d4 cxd4 8. Nxd4 O-O 9. Nb5 Be6 10. Nd4 Bc8 11. Nb5 Be6 12. Nd4 Bc8 1/2-1/2